 Dungeon Crawl Stone Soup version 0.31.0-12-g77e489cdc1 (webtiles) character file.

Game seed: 5681412312524457626

5087 Iceviz the Spear-Bearer (level 10, -1/72 HPs)
             Began as an Octopode Monk on Feb 14, 2024.
             Was an Elder of Okawaru.
             Slain by an orc
             ... wielding a +0 dagger
              (3 damage)
             ... on level 8 of the Dungeon.
             The game lasted 00:18:09 (8453 turns).

Iceviz the Spear-Bearer (Octopode Monk)             Turns: 8453, Time: 00:18:09

Health: -1/72      AC:  1    Str: 11    XL:     10   Next: 57%
Magic:  10/13      EV: 19    Int: 23    God:    Okawaru [****..]
Gold:   507        SH:  0    Dex: 14    Spells: 8/11 levels left

rFire   . . .        a - +0 trident
rCold   . . .        e - orb {light}
rNeg    + . .        r - +0 hat
rPois   .            (no amulet)
rElec   .            E - +5 ring of evasion
rCorr   .            I - +6 ring of intelligence
SInv    .            N - ring of positive energy
Will    .....        (no ring)
Stlth   +            (no ring)
HPRegen 0.32/turn    (no ring)
MPRegen 0.13/turn    (no ring)
                     (no ring)

%: no passive effects
@: glowing
A: almost no armour, amphibious, 8 rings, camouflage 1, gelatinous body 1,
(nimble swimmer 1), tentacles
a: Renounce Religion, Heroism, Finesse


You were on level 8 of the Dungeon.
You worshipped Okawaru.
Okawaru was greatly pleased with you.
You visited 2 branches of the dungeon, and saw 9 of its levels.
You also visited: Sewer.

You collected 507 gold pieces.


Innate Abilities, Weirdness & Mutations

You cannot wear most types of armour.
You are amphibious.
You can wear up to eight rings at the same time.
Your skin changes colour to match your surroundings (Stealth+).
Your rubbery body absorbs attacks. (AC +1, EV +1)
((You are camouflaged when in or above water. (Stealth+)))
You have tentacles for arms and can constrict up to eight enemies at once.


   Skills:
 + Level 7.9 Fighting
 - Level 14.0 Polearms
 - Level 3.0 Dodging
 - Level 3.0 Unarmed Combat
 - Level 1.0 Spellcasting
 - Level 5.0 Conjurations
 - Level 5.0 Air Magic
 - Level 3.0 Alchemy
 - Level 4.0 Invocations


You had 8 spell levels left.
You knew the following spells:

 Your Spells              Type           Power      Damage    Failure   Level
m - Mephitic Cloud        Conj/Alch/Air  21%        N/A       7%          3

Your spell library contained the following spells:

 Spells                   Type           Power      Damage    Failure   Level
 Magic Dart               Conj           96%        1d7       1%          1
 Shock                    Conj/Air       96%        1d9       1%          1
 Searing Ray              Conj           48%        2d6       2%          2
 Mercury Vapours          Alch/Air       38%        N/A       4%          2
 Swiftness                Air            24%        N/A       5%          3
 Sandblast                Erth           2%         2d4       14%         1
 Slow                     Hex            4%         N/A       14%         1
 Stone Arrow              Conj/Erth      24%        3d8       16%         3
 Airstrike                Air            12%        2d(2-18)  19%         4
 Fulminant Prism          Conj/Alch      9%         3d6       26%         4
 Confusing Touch          Hex            1%         N/A       38%         3
 Passwall                 Erth           1%         N/A       38%         3
 Sigil of Binding         Hex            1%         N/A       38%         3
 Vampiric Draining        Necr           1%         2d6       38%         3
 Brom's Barrelling Bould  Conj/Erth      12%        2d4       45%         4
 Freezing Cloud           Conj/Ice/Air   8%         6-21      69%         5
 Summon Small Mammal      Summ           Unusable   N/A       N/A         1
 Call Canine Familiar     Summ           Unusable   N/A       N/A         3
 Summon Blazeheart Golem  Fire/Summ      Unusable   N/A       N/A         4

Inventory:

Hand Weapons
 a - a +0 trident (weapon)
 b - a +0 dagger of venom
Missiles
 h - 13 poisoned darts (quivered)
 A - 2 throwing nets {=f}
Armour
 e - an orb of light (worn)
 r - a +0 hat (worn)
Magical Staves
 x - a staff of earth {!a}
Jewellery
 E - a +5 ring of evasion (left tentacle)
 F - a ring of fire
 I - a +6 ring of intelligence (right tentacle)
 N - a ring of positive energy (on tentacle)
Wands
 u - a wand of flame (35)
 v - a wand of polymorph (11)
Scrolls
 c - 2 scrolls of fog {unknown}
 d - 6 scrolls of blinking
 g - a scroll of brand weapon
 k - 2 scrolls of teleportation {unknown}
 m - 2 scrolls of fear {unknown}
 n - a scroll of poison {unknown}
 o - 3 scrolls of summoning {unknown}
 p - 3 scrolls of enchant armour {unknown}
 w - a scroll of enchant weapon
 y - a scroll of revelation {unknown}
Potions
 f - 2 potions of heal wounds {@q2}
 i - a potion of lignification
 j - 4 potions of curing {@q1}
 l - a potion of might {unknown}
 q - a potion of brilliance
 s - 4 potions of berserk rage {!q}
 t - 2 potions of ambrosia

Dungeon Overview and Level Annotations

Branches:
Dungeon (8/15)             Temple (1/1) D:4           Sewer (visited)
   Lair: D:8-11

Altars:
Ashenzari
Cheibriados
Dithmenos
Elyvilon
Fedhas
Gozag
Hepliaklqana
Kikubaaqudgha
Makhleb
Nemelex Xobeh
Okawaru
Ru
Sif Muna
Trog
Uskayaw
Vehumet
Wu Jian
Yredelemnul
Zin
The Shining One

Shops:
D:7 [

Annotations:
D:5 Edmund
D:6 3 runed translucent doors, turdburglar's ghost, amateur MfSh
D:8 3 runed translucent doors, labirda's ghost, novice MiFi

## .. ... ..
.###.#### ..#.#..
.o.#.# .. #######
.o#.### ?..
.......###...[......
.........o..####...
▒
.......@o..........
▒
.......###..)..####
▒. .......
#........####▒!
.......
#..))###.....▒.
...####
#.#)$#......#▒▒ ..
#...##...##...▒ .
######).##...#####.#
......).......#.....
......))).###....<..


You could see 2 orcs.


Message History

Okawaru accepts your kill.
An orc comes into view. It is wielding a +0 dagger.
You feel like a meek peon again.
Things that are here:
a +0 whip; a gnoll corpse The orc priest hits you with a +0 quarterstaff!
* * * LOW HITPOINT WARNING * * *
Unknown command.
The orc shouts!
You puncture the orc priest! Your grab misses the orc priest.
You tentacle-slap the orc priest.
You squeeze the orc priest, but do no damage.
The orc priest is severely wounded.
The orc priest closely misses you.
You puncture the orc priest!
You kill the orc priest!
Okawaru accepts your kill.
An orc comes into view. It is wielding a +0 whip.
An orc comes into view. It is wielding a +0 club.
The orc shouts! x2; You hear a shout!
The orc hits you with a +0 dagger.
* * * LOW HITPOINT WARNING * * *
Unknown command.
You barely miss the orc. You grab the orc.
You constrict the orc, but do no damage.
The orc hits you with a +0 dagger.
* * * LOW HITPOINT WARNING * * *
You release your grip on the orc.
The orc barely misses you. The orc attacks as it pursues you!
The orc hits you with a +0 dagger.
You die...

Skill      XL: |  1  2  3  4  5  6  7  8  9 10 |
---------------+-------------------------------+-----
Fighting       | 4 5 7 |  7.9
Spellcasting   | 1 |  1.0
Conjurations   | 1 2 3 4 5 |  5.0
Air Magic      | 1 2 3 4 5 |  5.0
Alchemy        | 2 3 |  3.0
Invocations    | 4 |  4.0
Polearms       | 7 13 14 | 14.0
Dodging        | |  3.0
Unarmed Combat | |  3.0

Action                     |  1- 3 |  4- 6 |  7- 9 | 10-12 || total
---------------------------+-------+-------+-------+-------++-------
  Melee: Whip              |    53 |   117 |    11 |       ||   181
         Unarmed           |     3 |       |       |       ||     3
         Constrict         |    18 |    39 |    59 |    38 ||   154
         Tentacles         |    11 |    35 |    83 |    39 ||   168
         Punch             |     4 |     6 |    14 |     5 ||    29
         Dagger            |       |       |   150 |       ||   150
         Trident           |       |       |   156 |   154 ||   310
   Cast: Mephitic Cloud    |       |       |     8 |     5 ||    13
 Invoke: Heroism           |       |       |     4 |     1 ||     5
    Use: Scroll            |       |       |     5 |     2 ||     7
   Stab: Sleeping          |     2 |       |     2 |       ||     4
         Confused          |       |       |    10 |    11 ||    21
 Armour: Skin              |    13 |    32 |    80 |    38 ||   163
  Dodge: Dodged            |    40 |    72 |   231 |    88 ||   431

Levels and vault maps discovered:
D:1:      matt_arrival_spirals, layout_loops_ring
D:2:      layout_basic
D:3:      layout_rooms, minitemple, portal_sewer_entry_d
D:4:      layout_loops_ring, grunt_temple_overflow_opulence,
          minmay_temple_entry_proselytizer
D:5:      layout_basic, uniq_menkaure, uniq_edmund
D:6:      layout_gridville, nicolae_vehumet_altar_sigil,
          mainiacjoe_overflow_surrounded_room, gammafunk_ghost_necromancy,
          serial_undead, serial_undead_a, serial_undead_d, serial_undead_d,
          serial_undead_b, kennysheep_generic_room_7, uniq_prince_ribbit1
D:7:      layout_cave_pools, enter_bailey_7, serial_gnoll_camp,
          gnoll_camp_mini_sergeant, gnoll_camp_mini_doghouse,
          gnoll_camp_mini_loothouse, gnoll_camp_mini_hut, gnoll_camp_mini_shop,
          grunt_decor_mini_mirrors, uniq_maurice
D:8:      layout_rooms, marbit_many_paths, gammafunk_ghost_nasty_kobolds
Temple:   eino_temple_water

Notes
Turn   | Place    | Note
-------+----------+-------------------------------------------
     0 | D:1      | Iceviz the Octopode Monk began the quest for the Orb.
     0 | D:1      | Reached XP level 1. HP: 16/16 MP: 1/1
   271 | D:1      | Reached XP level 2. HP: 17/21 MP: 2/2
   811 | D:2      | Reached skill level 4 in Fighting
   818 | D:2      | Reached skill level 1 in Spellcasting
   818 | D:2      | Reached XP level 3. HP: 27/27 MP: 2/4
   822 | D:2      | Learned a level 3 spell: Mephitic Cloud
  1099 | D:2      | Reached skill level 1 in Conjurations
  1099 | D:2      | Reached skill level 1 in Air Magic
  1403 | D:2      | Reached XP level 4. HP: 33/33 MP: 5/5
  1677 | D:3      | Found a glowing drain.
  1688 | Sewer    | Entered a sewer
  1773 | Sewer    | Reached skill level 2 in Conjurations
  1773 | Sewer    | Reached skill level 2 in Air Magic
  1796 | Sewer    | Reached XP level 5. HP: 31/37 MP: 6/6
  2077 | Sewer    | Reached skill level 3 in Conjurations
  2077 | Sewer    | Reached skill level 3 in Air Magic
  2077 | Sewer    | Reached XP level 6. HP: 17/43 MP: 7/7
  2439 | D:3      | Found a burning altar of Makhleb.
  2445 | D:3      | Found a shadowy altar of Dithmenos.
  2595 | D:4      | Reached skill level 1 in Alchemy
  2648 | D:4      | Reached skill level 4 in Conjurations
  2648 | D:4      | Reached skill level 4 in Air Magic
  2651 | D:4      | Reached skill level 2 in Alchemy
  2651 | D:4      | Reached XP level 7. HP: 43/48 MP: 8/8
  2666 | D:4      | Reached skill level 3 in Alchemy
  3070 | D:4      | Reached skill level 5 in Fighting
  3368 | D:4      | Found a staircase to the Ecumenical Temple.
  3374 | Temple   | Entered the Ecumenical Temple
  3424 | Temple   | Became a worshipper of Warmaster Okawaru
  3424 | Temple   | Reached * piety under Okawaru
  3424 | Temple   | Reached ** piety under Okawaru
  3604 | D:4      | Found a sparkling altar of Nemelex Xobeh.
  3605 | D:4      | Found an opulent altar of Gozag.
  3716 | D:5      | Entered Level 5 of the Dungeon
  3726 | D:5      | Noticed Edmund
  3775 | D:5      | Reached XP level 8. HP: 38/55 MP: 9/9
  3858 | D:5      | Reached skill level 1 in Invocations
  4094 | D:5      | Reached skill level 1 in Polearms
  4094 | D:5      | Reached skill level 5 in Conjurations
  4094 | D:5      | Reached skill level 5 in Air Magic
  4094 | D:5      | Reached skill level 2 in Invocations
  4223 | D:5      | Reached skill level 2 in Polearms
  4345 | D:5      | Noticed Menkaure
  4358 | D:5      | Killed Menkaure
  4359 | D:5      | Reached skill level 3 in Polearms
  4359 | D:5      | Reached skill level 3 in Invocations
  4957 | D:6      | Noticed Prince Ribbit
  4963 | D:6      | Killed Prince Ribbit
  4964 | D:6      | Reached skill level 5 in Polearms
  4964 | D:6      | Reached skill level 4 in Invocations
  4968 | D:6      | Reached skill level 6 in Polearms
  5041 | D:6      | Found a radiant altar of Vehumet.
  5086 | D:6      | Reached skill level 7 in Polearms
  5086 | D:6      | Reached XP level 9. HP: 46/61 MP: 9/12
  5690 | D:6      | Reached skill level 8 in Polearms
  5697 | D:5      | HP: 4/58 [wight/+0 mace (2)]
  6057 | D:6      | Reached skill level 9 in Polearms
  6261 | D:6      | Reached skill level 10 in Polearms
  6381 | D:6      | Reached *** piety under Okawaru
  6382 | D:6      | Reached skill level 11 in Polearms
  6600 | D:6      | Found a runed translucent gate.
  6601 | D:6      | Found a runed translucent gate.
  6602 | D:6      | Found a runed translucent gate.
  6603 | D:6      | Noticed turdburglar's ghost (amateur MfSh)
  6659 | D:6      | Reached skill level 12 in Polearms
  6708 | D:6      | Found a hazy altar of Hepliaklqana.
  7193 | D:7      | Reached skill level 13 in Polearms
  7269 | D:7      | Reached XP level 10. HP: 50/66 MP: 13/13
  7374 | D:7      | Noticed Maurice
  7390 | D:7      | Killed Maurice
  7390 | D:7      | Reached **** piety under Okawaru
  7391 | D:7      | Reached skill level 14 in Polearms
  7504 | D:7      | Found Wegheipt's Antique Armour Emporium.
  7753 | D:7      | Reached skill level 6 in Fighting
  8219 | D:8      | Found a runed translucent gate.
  8219 | D:8      | Found a runed translucent gate.
  8219 | D:8      | Found a runed translucent gate.
  8250 | D:8      | Noticed labirda's ghost (novice MiFi)
  8274 | D:8      | Reached skill level 7 in Fighting
  8444 | D:8      | HP: 5/72 [orc priest/+0 quarterstaff (9)]
  8448 | D:8      | HP: 2/72 [orc/+0 dagger (4)]
  8453 | D:8      | Slain by an orc

Vanquished Creatures
  Maurice (D:7)
  Prince Ribbit (D:6)
  A wyvern (D:6)
  A steam dragon (D:6)
  Menkaure (D:5)
  2 water moccasins
  A sky beast (D:7)
  2 orc warriors
  2 centaurs
  5 ogres
  A phantom (D:6)
  2 kobold brigands (D:6)
  3 scorpions
  7 bullfrogs
  A gnoll sergeant (D:7)
  8 wights
  A wyvern skeleton (D:6)
  6 killer bees (D:8)
  2 bombardier beetles
  6 hounds
  A centaur zombie (D:6)
  A gnoll bouda (D:8)
  5 orc priests
  2 bullfrog zombies (D:6)
  A centaur skeleton (D:6)
  A bullfrog skeleton (D:6)
  3 jellies
  4 iguanas
  12 orc wizards
  A killer bee zombie (D:6)
  16 gnolls
  14 adders
  A shadow imp (D:5)
  8 dart slugs
  3 ribbon worms
  23 orcs
  12 ball pythons
  14 endoplasms
  12 giant cockroaches
  4 goblins
  5 hobgoblins
  8 jackals
  3 quokkas
  2 bats
  10 frilled lizards
  7 kobolds
  5 rats
232 creatures vanquished.

Table legend: (Time is in decaauts)
 A = Elapsed time spent in this place.
 B = Non-inter-level travel time spent in this place.
 C = Inter-level travel time spent in this place.
 D = Time resting spent in this place.
 E = Time spent auto-exploring this place.
 F = Levels seen in this place.
 G = Mean time per level.
                   A        B        C        D        E       F      G
               +--------+--------+--------+--------+--------+-----+--------+
         Total |   8358 |   7987 |    371 |    983 |   5562 |  10 |  835.8 |
       Dungeon |   7744 |   7403 |    341 |    837 |   5388 |   8 |  968.0 |
        Temple |     66 |     36 |     30 |      0 |     34 |   1 |   66.0 |
         Sewer |    547 |    547 |      0 |    146 |    140 |   1 |  547.0 |
               +--------+--------+--------+--------+--------+-----+--------+

Top non-repeatable levels by time:
     D:5: 1767 daAuts
     D:6: 1395 daAuts
     D:7: 1247 daAuts
     D:4: 987 daAuts
     D:2: 827 daAuts
     D:1: 776 daAuts
   Sewer: 547 daAuts
     D:3: 526 daAuts
     D:8: 215 daAuts
  Temple: 66 daAuts

Table legend:
 A = Non-vault XP
 B = Vault XP
 C = Vault XP percentage of total XP
 D = Non-vault monster count
 E = Vault monster count
 F = Vault count percentage of total count
                 A         B        C        D         E       F
            +---------+---------+-------+---------+---------+-------
      Total |    5196 |    2072 |  28.5 |     153 |      79 |  34.1
            +---------+---------+-------+---------+---------+-------
        D:1 |      27 |       0 |   0.0 |      15 |       0 |   0.0
        D:2 |      63 |       0 |   0.0 |      21 |       0 |   0.0
        D:3 |      30 |      14 |  31.8 |       7 |       1 |  12.5
        D:4 |     658 |      41 |   5.9 |      21 |       1 |   4.5
        D:5 |     624 |     169 |  21.3 |      23 |       1 |   4.2
        D:6 |    1501 |     581 |  27.9 |      19 |       8 |  29.6
        D:7 |     939 |     945 |  50.2 |      18 |      23 |  56.1
        D:8 |    1354 |       0 |   0.0 |      29 |       0 |   0.0
      Sewer |       0 |     322 | 100.0 |       0 |      45 | 100.0
            +---------+---------+-------+---------+---------+-------
